 Dungeon Crawl Stone Soup version 0.30-a0-728-gc68057be0a (webtiles) character file.

Game seed: 14246711256837419911

9 jimonade the Shield-Bearer (level 2, 0/22 (24) HPs)
             Began as a Formicid Fighter on Jan 31, 2023.
             Slain by a goblin
             ... wielding a +0 club
              (1 damage)
             ... on level 2 of the Dungeon.
             The game lasted 00:00:39 (172 turns).

jimonade the Shield-Bearer (Formicid Fighter)        Turns: 172, Time: 00:00:39

HP:   0/22 (24)     AC:  6    Str: 20    XL:     2   Next: 20%
MP:   2/2           EV:  9    Int:  7    God:
Gold: 34            SH:  5    Dex: 13    Spells: 1/1 levels left

rFire   . . .      SeeInvis +    a - +0 long sword
rCold   . . .      Faith    .    c - +0 buckler
rNeg    . . .      Spirit   .    b - +0 scale mail
rPois   .          Reflect  .    (helmet unavailable)
rElec   .          Harm     .    (no cloak)
rCorr   .          Rampage  .    (no gloves)
Will    .....                    (no boots) Stlth
                                 (no amulet)
HPRegen 0.23/turn                (no ring)
MPRegen 0.08/turn                (no ring)

@: drained
A: permanent stasis, dig shafts and tunnels, antennae 3, four strong arms
a: Dig, Shaft Self


You were on level 2 of the Dungeon.
You visited 1 branch of the dungeon, and saw 2 of its levels.

You collected 34 gold pieces.

Inventory:

Hand Weapons
 a - a +0 long sword (weapon)
 i - a +0 short sword of draining
Armour
 b - a +0 scale mail (worn)
 c - a +0 buckler (worn)
 k - a scarf of invisibility
Scrolls
 f - a scroll of identify {unknown}
 j - a scroll of fog {unknown}
Potions
 d - a potion of might
 e - a potion of magic {unknown}
 g - a potion of attraction {unknown}
 h - a potion of degeneration {unknown}


   Skills:
 + Level 3.5 Fighting
 * Level 2.1 Long Blades
 + Level 3.4 Armour
 + Level 0.2 Dodging
 + Level 4.1 Shields


You had one spell level left.
You didn't know any spells.
Your spell library was empty.

Dungeon Overview and Level Annotations

Branches:
Dungeon (1/15)

Altars:


Innate Abilities, Weirdness & Mutations

You cannot be hasted, slowed, berserked, paralysed or teleported.
You can dig through walls and to a lower floor.
You have a pair of large antennae on your head. (SInv)
Your four strong arms can wield two-handed weapons with a shield.


Message History

The goblin unwields a +0 club.
The goblin wields a +1 sling of flaming.
It bursts into flame!
The goblin shoots a sling bullet.
You block the sling bullet.
A goblin is nearby!
The goblin shoots a sling bullet.
The sling bullet closely misses you.
A quokka comes into view.
The goblin shoots a sling bullet.
You block the sling bullet.
A hobgoblin comes into view.
The hobgoblin shouts!
The goblin shoots a sling bullet.
The sling bullet closely misses you.
The goblin shoots a sling bullet.
The sling bullet closely misses you.
The goblin shoots a sling bullet.
The sling bullet misses you.
You hit the quokka.
The quokka is moderately wounded.
The quokka bites you.
The goblin shoots a sling bullet.
The sling bullet closely misses you. The quokka bites you.
You hit the quokka.
You kill the quokka!
The goblin shoots a sling bullet.
The sling bullet barely misses you.
The goblin unwields a +1 sling of flaming.
It stops flaming.
The goblin wields a +0 club.
The goblin hits you with a +0 club.
You barely miss the goblin. The goblin hits you with a +0 club.
You closely miss the goblin. The goblin hits you but does no damage.
The hobgoblin hits you. The goblin barely misses you.
You are too injured to fight recklessly!
You are too injured to fight recklessly!
You closely miss the goblin. The hobgoblin barely misses you.
The goblin hits you with a +0 club.
You closely miss the goblin. The hobgoblin barely misses you.
The goblin hits you with a +0 club. You block the hobgoblin's attack.
You barely miss the goblin. The goblin hits you with a +0 club.
* * * LOW HITPOINT WARNING * * *
The hobgoblin hits you but does no damage.
The goblin hits you with a +0 club.
* * * LOW HITPOINT WARNING * * *
You barely miss the goblin. You block the hobgoblin's attack.
The goblin hits you with a +0 club.
You die...

##......#.........:...
#..........#........##
##...................#
.....................#
...........$...##......
.............[......###
............###.###.#
#....†..........# .#
#.....@g!.......#
.......g....##...#
....######### #.. ...
#. .. .


You could see a hobgoblin and a goblin.

Vanquished Creatures
  A dart slug (D:1)
  An endoplasm (D:1)
  A goblin (D:1)
  A quokka (D:2)
  A bat (D:1)
  A kobold (D:1)
  A rat (D:2)
7 creatures vanquished.

Notes
Turn   | Place    | Note
-------+----------+-------------------------------------------
     0 | D:1      | jimonade the Formicid Fighter began the quest for the Orb.
     0 | D:1      | Reached XP level 1. HP: 18/18 MP: 1/1
    72 | D:1      | Reached XP level 2. HP: 13/21 MP: 2/2
   146 | D:1      | You fall into a shaft and drop 1 floor!
   171 | D:2      | HP: 1/22 [goblin/+0 club (2)]
   172 | D:2      | Slain by a goblin

Illustrated notes

Levels and vault maps discovered:
D:1:      co_arrival_square_in_a_square_in_a_square, layout_basic, minivault_4
D:2:      layout_basic

Action                     || total
---------------------------++-------
  Melee: Long sword        ||    23
 Armour: Scale mail        ||     8
  Dodge: Dodged            ||    16
  Block: Buckler           ||     9

Table legend: (Time is in decaauts)
 A = Elapsed time spent in this place.
 B = Non-inter-level travel time spent in this place.
 C = Inter-level travel time spent in this place.
 D = Time resting spent in this place.
 E = Time spent auto-exploring this place.
 F = Levels seen in this place.
 G = Mean time per level.
                   A        B        C        D        E       F      G
               +--------+--------+--------+--------+--------+-----+--------+
         Total |    178 |    178 |      0 |      0 |    107 |   2 |   89.0 |
       Dungeon |    178 |    178 |      0 |      0 |    107 |   2 |   89.0 |
               +--------+--------+--------+--------+--------+-----+--------+

Top non-repeatable levels by time:
     D:1: 150 daAuts
     D:2: 28 daAuts
